Map: Port Aleksander LE

Players

DnS - Winner!

  • Race: Protoss Protoss
  • Spawn Location: 11:00

Bly

  • Race: Zerg Zerg
  • Spawn Location: 5:00

Event: 2019 WCS Spring

VOD

Have the link to the VOD?

Description

Time

  • Played on: May 17, 2019, 3:13 p.m.
  • Length: 8:23

All games in this series

Show
View Real Time Build Order
Export as new Build Order

DnS Protoss - Winner!

Build Orders: 1 Gate Expand, Oracle Opening 

Get SALT Encoding   

  12  0:00  Probe  
  13  0:12  Probe  
  14  0:19  Pylon  
  14  0:24  Probe  
  15  0:33  Probe  
  15  0:41  Probe  
  15  0:42  Gateway  
  16  0:47  Assimilator  
  17  0:51  Probe  
  18  1:03  Probe  
  19  1:15  Probe  
  20  1:26  Nexus  
  20  1:37  Cybernetics Core  
  20  1:39  Probe  
  21  1:47  Assimilator  
  21  1:51  Probe  
  22  1:55  Pylon  
  22  2:03  Probe, Adept  
  25  2:15  Probe  
  25  2:19  Stargate  
  26  2:24  Adept  
  26  2:28  Probe  
  27  2:30  Warp Gate  
  27  2:34  Probe  
  29  2:42  Probe x2  
  31  2:53  Stalker  
  31  2:54  Probe  
  34  3:00  Probe  
  34  3:02  Oracle  
  35  3:06  Probe  
  39  3:14  Probe  
  39  3:17  Pylon  
  40  3:22  Probe  
  40  3:27  Probe  
  40  3:34  Probe  
  40  3:35  Oracle  
  40  3:38  Gateway  
  40  3:39  Probe  
  42  3:45  Assimilator  
  42  3:46  Probe  
  46  3:50  Assimilator  
  46  3:51  Probe  
  47  3:58  Probe  
  47  4:00  Pylon  
  48  4:03  Probe  
  48  4:09  Gateway  
  49  4:10  Probe  
  46  4:18  Probe  
  46  4:22  Probe  
  46  4:23  Phoenix  
  50  4:30  Robotics Facility  
  50  4:31  Probe  
  51  4:33  Adept x2  
  51  4:35  Probe  
  56  4:42  Pylon x2  
  56  4:43  Probe  
  57  4:47  Probe  
  58  4:55  Probe  
  59  5:03  Sentry x3, Gateway  
  59  5:04  Pylon  
  65  5:11  Immortal  
  69  5:30  Sentry x2  
  69  5:37  Immortal, Gateway  
  69  5:39  Gateway x2  
  69  5:44  Zealot, Pylon  
  71  5:55  Nexus  
  75  6:00  Gateway  
  75  6:04  Immortal  
  75  6:07  Sentry x2  
  75  6:08  Adept x2  
  87  6:23  Pylon  
  87  6:26  Pylon  
  87  6:37  Sentry, Adept  
  87  6:39  Warp Prism  
  90  6:46  Pylon  
  92  6:48  Stalker x2  
  93  7:03  Stalker x4  
  101  7:12  Pylon  
  101  7:15  Stalker x2, Phoenix  
  107  7:42  Stalker x3, Adept  
  107  7:43  Stalker x2  
  119  8:04  Stalker x2  
  119  8:05  Stalker  
  123  8:12  Adept x5  
Show
View Real Time Build Order
Export as new Build Order

Bly Zerg 

Build Orders: Hatch First 

Get SALT Encoding   

  12  0:02  Drone  
  13  0:13  Overlord  
  13  0:18  Drone  
  14  0:31  Drone x2  
  16  0:49  Hatchery  
  15  0:52  Drone  
  15  0:56  Drone  
  17  1:00  Drone  
  18  1:10  Extractor  
  17  1:15  Spawning Pool  
  16  1:18  Drone  
  16  1:22  Drone  
  18  1:29  Drone  
  19  1:45  Drone  
  20  1:52  Hatchery  
  19  1:54  Drone  
  20  2:04  Zergling x4  
  22  2:11  Queen  
  22  2:14  Drone  
  25  2:17  Drone  
  26  2:25  Overlord  
  26  2:36  Queen  
  28  2:41  Metabolic Boost  
  29  2:51  Drone x3  
  29  2:55  Drone x3  
  34  3:02  Queen  
  36  3:08  Zergling x4  
  37  3:21  Zergling x4  
  37  3:23  Overlord  
  39  3:32  Drone x3  
  41  3:44  Drone  
  41  3:45  Drone x3  
  41  3:46  Drone  
  46  3:54  Drone x3  
  49  3:56  Lair  
  49  3:57  Spore Crawler  
  47  4:13  Drone x3  
  46  4:21  Drone x4  
  46  4:22  Drone  
  48  4:25  Drone x2  
  48  4:26  Overlord  
  48  4:27  Spore Crawler, Overlord  
  48  4:29  Extractor, Queen, Roach Warren  
  49  4:36  Overlord  
  49  4:39  Extractor  
  48  4:46  Spore Crawler x2  
  48  4:47  Drone  
  48  4:51  Spore Crawler  
  42  4:59  Drone  
  49  5:00  Drone x9  
  53  5:08  Overlord  
  51  5:16  Spore Crawler  
  51  5:17  Zergling x2  
  51  5:18  Zergling x8  
  53  5:23  Zergling x2  
  52  5:32  Drone x3  
  52  5:35  Glial Reconstitution  
  54  5:36  Overlord  
  54  5:39  Overlord  
  54  5:41  Overlord  
  54  5:42  Extractor  
  53  5:49  Drone x5  
  57  6:01  Drone  
  57  6:02  Drone x2, Spire  
  59  6:08  Drone x4  
  63  6:14  Drone x2  
  63  6:18  Overlord  
  66  6:25  Drone x7  
  66  6:28  Extractor  
  66  6:29  Extractor  
  65  6:50  Hatchery  
  59  7:04  Roach x12  
  83  7:16  Overlord  
  83  7:18  Overlord x2  
  83  7:19  Roach x2  
  87  7:25  Ravager x3  
  91  7:37  Ravager x4  
  91  7:39  Ravager x2  
  91  7:40  Roach x6  
  91  7:41  Roach x3  
  91  7:42  Ravager  
  91  7:43  Zergling x2  
  113  7:45  Ravager  
  110  7:57  Roach x4  
  105  8:05  Overlord  
  85  8:10  Ravager  
Tags
 
Add a new tag
Caveats
  • Supply blocks, unpowered buildings, or Contaminate may cause inaccurate times.
  • Supply counts are checked every 10 seconds.